 Dungeon Crawl Stone Soup version 0.28.0-43-g3370ac3207 (webtiles) character file.

Game seed: 8606143992065323488

5634 sking99 the Cleaver (level 10, -3/136 HPs)
             Began as a Minotaur Gladiator on Mar 11, 2022.
             Was an Elder of Okawaru.
             Slain by a spriggan
             ... wielding the +4 trident of Impatience {flame, Str+3}
              (9 damage)
             ... on level 9 of the Dungeon.
             The game lasted 00:15:40 (9315 turns).

sking99 the Cleaver (Minotaur Gladiator)            Turns: 9315, Time: 00:15:42

Health: -3/136     AC: 18    Str: 23    XL:     10   Next: 46%
Magic:  4/11       EV: 14    Int:  5    God:    Okawaru [****..]
Gold:   277        SH:  0    Dex: 14    Spells: 9/9 levels left

rFire   + . .      SeeInvis .   a - +1 war axe
rCold   . . .      Faith    .   (no shield)
rNeg    . . .      Spirit   .   n - +0 scale mail
rPois   .          Reflect  .   c - +1 hat
rElec   .          Harm     .   s - +1 cloak
rCorr   +          Rampage  .   B - +2 pair of gloves
Will    .....      Clarity  +   (no boots)
Stlth   ..........              (no amulet)
HPRegen 0.32/turn               q - ring of resist corrosion
MPRegen 0.12/turn               o - ring of protection from fire

@: berserking, lethally poisoned (-3 -> -10), heroic, very quick
A: horns 2, retaliatory headbutt, talons 1, iridescent scales 1, agile 1,
clarity
a: Renounce Religion, Heroism, Finesse


You were on level 9 of the Dungeon.
You worshipped Okawaru.
Okawaru was greatly pleased with you.
You visited 2 branches of the dungeon, and saw 10 of its levels.

You collected 461 gold pieces.
You spent 184 gold pieces at shops.

Inventory:

Hand Weapons
 a - a +1 war axe (weapon)
Missiles
 b - 28 poisoned darts
 d - 2 throwing nets
 C - 3 javelins (quivered)
Armour
 c - a +1 hat (worn)
 n - a +0 scale mail (worn)
 s - a +1 cloak (worn)
 B - a +2 pair of gloves (worn)
Jewellery
 i - a ring of ice
 o - a ring of protection from fire (right hand)
 q - a ring of resist corrosion (left hand)
 x - a ring of protection from cold
Wands
 v - a wand of flame (23)
 w - a wand of digging (5)
Scrolls
 e - a scroll of magic mapping
 g - 3 scrolls of enchant weapon
 h - a scroll of teleportation
 r - a scroll of fear
 u - 3 scrolls of identify
 y - 2 scrolls of blinking
 A - a scroll of amnesia
Potions
 f - a potion of ambrosia
 j - 3 potions of mutation
 k - 2 potions of curing
 l - 2 potions of flight
 m - 4 potions of haste
 t - a potion of heal wounds
 z - 2 potions of lignification
 E - a potion of invisibility {unknown}
 F - a potion of brilliance {unknown}
Miscellaneous
 D - a phantom mirror


   Skills:
 + Level 9.5(14.5) Fighting
 * Level 13.2(18.2) Axes
 - Level 3.5(8.5) Throwing
 + Level 7.8(12.8) Armour
 - Level 4.6(9.6) Dodging
 + Level 3.2 Invocations


You had 9 spell levels left.
You didn't know any spells.
Your spell library contained the following spells:

 Spells                   Type           Power      Damage    Failure   Level
 Beastly Appendage        Tmut           0%         N/A       71%         1
 Sublimation of Blood     Necr           0%         N/A       85%         2
 Wereblood                Tmut           0%         N/A       85%         2
 Spider Form              Tmut/Pois      0%         N/A       97%         3
 Anguish                  Hex/Necr       0%         N/A       100%        4
 Petrify                  Tmut/Erth      0%         N/A       100%        4
 Irradiate                Conj/Tmut      0%         3d13      100%        5
 Enfeeble                 Hex            0%         N/A       100%        7
 Tukima's Dance           Hex            Unusable   N/A       N/A         3

Dungeon Overview and Level Annotations

Branches:
Dungeon (9/15)             Temple (1/1) D:4
   Lair: D:8-11         Orc: D:9-12

Altars:
Ashenzari
Cheibriados
Dithmenos
Elyvilon
Fedhas
Gozag
Hepliaklqana
Kikubaaqudgha
Makhleb
Nemelex Xobeh
Okawaru
Qazlal
Ru
Sif Muna
Trog
Uskayaw
Vehumet
Wu Jian
Xom
Yredelemnul
Zin
The Shining One

Shops:
D:4 [   D:5 [(!   D:6 (   D:8 [

Annotations:
D:6 3 runed translucent doors, SeagullWaffle's ghost, novice MfGl
D:9 Swamplord's ghost, novice FeSu


Innate Abilities, Weirdness & Mutations

You have a pair of horns on your head.
You reflexively headbutt those who attack you in melee.
You have sharp toenails.
You are partially covered in iridescent scales. (AC +2)
You are agile. (Dex +2)
You possess an exceptional clarity of mind.


Message History

The wolf misses you. You furiously retaliate!
You headbutt the wolf, but do no damage.
The spriggan barely misses you.
The spriggan hits you from afar with the +4 trident of Impatience {flame, Str+3}!
* * * LOW HITPOINT WARNING * * *
The spriggan burns you.
* * * LOW HITPOINT WARNING * * *
You feel much better.
You feel sick.
You are more poisoned.
The wolf misses you. You furiously retaliate!
You headbutt the wolf.
The spriggan hits you from afar with a +0 trident.
The wolf closely misses you.
The spriggan hits you from afar with the +4 trident of Impatience {flame, Str+3}!!
* * * LOW HITPOINT WARNING * * *
The spriggan burns you.
* * * LOW HITPOINT WARNING * * *
A red film seems to cover your vision as you go berserk!
Your finesse ends abruptly.
You feel yourself moving faster!
You feel mighty!
You feel sick.
* * * LOW HITPOINT WARNING * * *
You are more poisoned.
The wolf barely misses you.
Swamplord's ghost mumbles some strange words.
The spriggan hits you but does no damage.
The spriggan hits you from afar with the +4 trident of Impatience {flame, Str+3}.
* * * LOW HITPOINT WARNING * * *
You slice the wolf!!
You kill the wolf!
Okawaru accepts your kill.
You feel sick.
Swamplord's ghost lets out a mournful wail.
Swamplord's ghost casts a spell.
An electric hum fills the air.
You feel sick.
* * * LOW HITPOINT WARNING * * *
You are more poisoned.
The spriggan hits you with a +0 trident.
* * * LOW HITPOINT WARNING * * *
The spriggan hits you with the +4 trident of Impatience {flame, Str+3}!
You die...

# #.# #.#.>.#.# #........#.
#.# #.#...#.###.##.....#. #.#
#.#.........##.....#. #.#
#.#...#.##..#........ ###.#
#.......##........... ....#
##########[.......... #####
♣♣♣##...##...............
♣♣♣♣/.#..Wi##.###.#........#
♣♣...♣##5.hi@..###.#.#.....##
♣.....#⌠.8######.....##...##
♣♣....#...######.#.#.######
♣..!♣.'...##.......#.#
♣.♣...#..###.###.###.##### ♣
♣..♣#⌠.###.###.###.#...#
♣.♣..##.#.....#.......#.###
♣♣♣♣..###.....#####.......#
♣♣♣ #.....# #.##.##.#


You could see a polar bear, 2 spriggans, a lightning spire (summoned),
Swamplord's ghost (toxic aura) and a crimson imp (summoned).

Vanquished Creatures
  A troll (D:9)
  Sigmund (D:5)
  14 yaks
  2 wyverns
  Edmund (D:5)
  A water moccasin (D:9)
  A black bear (D:4)
  A sky beast (D:6)
  A necrophage (D:6)
  A wolf (D:9)
  3 centaurs
  3 ogres
  3 bullfrogs
  2 kobold brigands (D:9)
  2 scorpions
  16 killer bees
  3 jellies
  2 centaur zombies
  Crazy Yiuf (D:4)
  4 hounds
  2 orc priests
  2 iguanas
  2 orc wizards (D:8)
  A killer bee zombie (D:6)
  A hound zombie (D:5)
  12 adders
  2 white imps
  An ufetubus (D:6)
  A worm (D:2)
  The ghost of diceflayer the Sneak, a weakling KoDe (D:5)
  3 dart slugs
  19 orcs
  10 ball pythons
  4 bats (D:1)
  6 endoplasms
  4 giant cockroaches
  9 goblins
  8 hobgoblins
  15 kobolds
  A quokka (D:5)
  3 frilled lizards
  3 rats
173 creatures vanquished.

Vanquished Creatures (others)
  4 fungi (D:9)
  14 plants
18 creatures vanquished.

Grand Total: 191 creatures vanquished

Notes
Turn   | Place    | Note
-------+----------+-------------------------------------------
     0 | D:1      | sking99 the Minotaur Gladiator began the quest for the Orb.
     0 | D:1      | Reached XP level 1. HP: 18/18 MP: 0/0
    64 | D:1      | You fall into a shaft and drop 1 floor!
   136 | D:2      | Reached XP level 2. HP: 25/25 MP: 1/1
   336 | D:1      | Reached skill level 4 in Axes
   473 | D:1      | Reached XP level 3. HP: 21/31 MP: 2/2
  1867 | D:3      | Reached XP level 4. HP: 23/38 MP: 3/3
  2063 | D:3      | Gained mutation: You possess an exceptional clarity of
                  | mind. [potion of mutation]
  2063 | D:3      | Gained mutation: You have sharp toenails. [potion of
                  | mutation]
  2063 | D:3      | Gained mutation: You are partially covered in iridescent
                  | scales. (AC +2) [potion of mutation]
  2063 | D:3      | Gained mutation: You are agile. (Dex +2) [potion of
                  | mutation]
  2715 | D:3      | Reached skill level 5 in Axes
  2964 | D:4      | Reached XP level 5. HP: 45/45 MP: 4/4
  2969 | D:4      | Noticed a black bear
  2995 | D:4      | Killed a black bear
  3153 | D:4      | Reached XP level 6. HP: 31/52 MP: 5/5
  3172 | D:4      | Reached skill level 6 in Axes
  3360 | D:4      | Found a staircase to the Ecumenical Temple.
  3369 | Temple   | Entered the Ecumenical Temple
  3617 | Temple   | Became a worshipper of Warmaster Okawaru
  3637 | D:4      | Found Jubben's Armour Shoppe.
  3645 | D:4      | Bought a +0 pair of gloves for 54 gold pieces
  3993 | D:4      | Reached skill level 1 in Invocations
  4298 | D:4      | Found a runed translucent door.
  4299 | D:4      | Noticed Crazy Yiuf
  4336 | D:4      | Found a burning altar of Makhleb.
  4342 | D:4      | Reached XP level 7. HP: 58/60 MP: 6/6
  4618 | D:4      | Killed Crazy Yiuf
  4712 | D:5      | Entered Level 5 of the Dungeon
  4767 | D:5      | Found Fiogoh's Weapon Shoppe.
  4781 | D:5      | Found Busejin's Distillery.
  4798 | D:5      | Bought a potion of curing for 30 gold pieces
  4798 | D:5      | Bought a potion of haste for 100 gold pieces
  4833 | D:5      | Reached skill level 7 in Axes
  4979 | D:5      | Found a runed translucent door.
  4984 | D:5      | Noticed diceflayer's ghost (weakling KoDe)
  5005 | D:5      | Noticed Edmund
  5021 | D:5      | Killed Edmund
  5021 | D:5      | Reached * piety under Okawaru
  5022 | D:5      | Reached skill level 5 in Fighting
  5129 | D:5      | Noticed Sigmund
  5147 | D:5      | Killed Sigmund
  5148 | D:5      | Reached skill level 1 in Armour
  5195 | D:5      | Found Haytuolli's Armour Shoppe.
  5398 | D:5      | Reached skill level 8 in Axes
  5405 | D:5      | Killed diceflayer's ghost
  5489 | D:5      | Reached XP level 8. HP: 55/70 MP: 8/8
  5568 | D:6      | Reached ** piety under Okawaru
  5765 | D:6      | Reached skill level 9 in Axes
  5865 | D:6      | Identified the +2 robe "Ihumyc" {Int+3 Dex+3}
  5895 | D:6      | Found a runed translucent gate.
  5895 | D:6      | Found a runed translucent gate.
  5895 | D:6      | Found a runed translucent gate.
  5900 | D:6      | Noticed SeagullWaffle's ghost (novice MfGl)
  6027 | D:6      | Reached skill level 10 in Axes
  6287 | D:6      | Found Ezuwken's Weapon Shoppe.
  6550 | D:6      | Reached XP level 9. HP: 40/79 MP: 9/9
  6728 | D:7      | Reached skill level 5 in Armour
  6730 | D:7      | Reached *** piety under Okawaru
  6736 | D:7      | Reached skill level 11 in Axes
  7376 | D:8      | Reached skill level 12 in Axes
  7382 | D:8      | Reached **** piety under Okawaru
  7614 | D:8      | Reached XP level 10. HP: 90/90 MP: 10/10
  7851 | D:8      | Found Cheibriados's Comfort Zone.
  7854 | D:8      | Found a snail-covered altar of Cheibriados.
  8905 | D:9      | Reached skill level 13 in Axes
  9045 | D:9      | Reached ***** piety under Okawaru
  9128 | D:9      | Found a runed translucent door.
  9128 | D:9      | Noticed Swamplord's ghost (novice FeSu)
  9128 | D:9      | Identified the +4 trident of Impatience {flame, Str+3}
  9315 | D:9      | HP: 6/136 [spriggan/+0 trident (6)]
  9315 | D:9      | Slain by a spriggan

Illustrated notes

Levels and vault maps discovered:
D:1:      psy_arrival_basics, layout_basic
D:2:      layout_loops_corners
D:3:      layout_rooms
D:4:      layout_loops_ring, lightli_temple_of_fire, temple_fountains,
          serial_forest, infiniplex_forest_clump_cross,
          infiniplex_forest_lined_room_3, infiniplex_forest_end_1,
          infiniplex_forest_lined_1, infiniplex_forest_straight_2,
          infiniplex_forest_end_3, infiniplex_forest_corner_1,
          infiniplex_forest_zigzag_1, serial_shops, nicolae_shop_statue_plus,
          uniq_crazy_yiuf_cottage
D:5:      layout_layer_cave, serial_shops, shop,
          nicolae_shop_bloodbath_and_beyond, shop_statue, ebering_ghost_sewer_d,
          uniq_sigmund, uniq_edmund
D:6:      layout_basic, serial_shops, kennysheep_mini_moat,
          gammafunk_ghost_necromancy, grunt_decor_one_mirror
D:7:      layout_rooms
D:8:      layout_basic, minmay_shop_chei
D:9:      layout_loops_cross, ebering_ghost_funeral_grove
Temple:   mainiacjoe_temple_hex_bubbles

Skill      XL: |  1  2  3  4  5  6  7  8  9 10 |
---------------+-------------------------------+-----
Axes           | 4 5 6 8 10 12 13 | 13.2
Fighting       | 3 4 5 7 8 9 |  9.5
Dodging        | 4 |  4.6
Throwing       | 3 |  3.5
Invocations    | 1 2 3 |  3.2
Armour         | 2 4 6 7 |  7.8

Action                   |  1- 3 |  4- 6 |  7- 9 | 10-12 || total
-------------------------+-------+-------+-------+-------++-------
Melee: War axe           |    78 |    84 |   171 |    94 ||   427
       Headbutt          |    11 |    12 |    35 |    16 ||    74
       Punch             |     2 |     1 |     3 |     3 ||     9
       Kick              |       |    21 |    52 |    27 ||   100
Throw: Throwing net      |       |       |     1 |       ||     1
Invok: Heroism           |       |       |     2 |     2 ||     4
       Finesse           |       |       |       |     1 ||     1
  Use: Scroll            |       |     5 |     4 |     6 ||    15
       Potion            |       |     1 |       |     3 ||     4
 Stab: Sleeping          |     1 |       |       |       ||     1
       Held in net/web   |       |       |     1 |       ||     1
Armor: Leather armour    |    23 |     3 |       |       ||    26
       Scale mail        |       |    30 |    99 |    37 ||   166
Dodge: Dodged            |    60 |    44 |   126 |    75 ||   305
